 Dungeon Crawl Stone Soup version 0.22-a0-799-g88f5e907b7 (webtiles) character file.

193 Htamos the Digger (level 6, -1/47 HPs)
             Began as a Formicid Earth Elementalist on July 21, 2018.
             Was a Follower of Sif Muna.
             Slain by a worker ant (2 damage)
             ... on level 3 of the Dungeon.
             The game lasted 00:08:02 (3588 turns).

Htamos the Digger (Formicid Earth Elementalist)     Turns: 3588, Time: 00:08:03

Health: -1/47      AC:  9    Str: 13    XL:     6   Next: 3%
Magic:  1/10       EV:  6    Int: 14    God:    Sif Muna [*.....]
Gold:   181        SH:  0    Dex: 13    Spells: 10/11 levels left

rFire    . . .     SeeInvis +   s - +1 flail (crush)
rCold    . . .     Gourm    .   (no shield)
rNeg     . . .     Faith    .   r - +0 chain mail
rPois    .         Spirit   .   (helmet unavailable)
rElec    .         Reflect  .   a - +0 cloak
rCorr    .         Harm     .   (no gloves)
MR       .....                  (no boots)
Stlth    ..........             o - amulet of regeneration
HPRegen  0.55/turn              (no ring)
MPRegen  0.12/turn              (no ring)

@: lethally poisoned (-1 -> -1), very slightly contaminated
A: permanent stasis, dig shafts and tunnels, four strong arms, antennae 3
a: Dig, Shaft Self, Divine Energy, Renounce Religion


You were on level 3 of the Dungeon.
You worshipped Sif Muna.
Sif Muna was aware of your devotion.
You were not hungry.

You visited 1 branch of the dungeon, and saw 4 of its levels.

You collected 181 gold pieces.

Inventory:

Hand Weapons
 h - a +0 hand axe
 m - a -1 whip
 s - a +1 flail of crushing (weapon)
Missiles
 b - 133 stones (quivered)
Armour
 a - a +0 cloak (worn)
 c - a +0 robe
 g - a +0 leather armour
 j - a +1 ring mail
 r - a +0 chain mail (worn)
Jewellery
 o - an amulet of regeneration (around neck)
Scrolls
 e - 2 scrolls of remove curse
 f - 3 scrolls of teleportation
Comestibles
 d - 5 rations


   Skills:
 * Level 3.0 Fighting
 + Level 2.6 Dodging
 - Level 2.6 Stealth
 + Level 3.1 Spellcasting
   Level 1.1 Transmutations
 * Level 5.2 Earth Magic


You had 10 spell levels left.
You knew the following spells:

 Your Spells              Type           Power        Failure   Level  Hunger
a - Sandblast             Erth           ###...       67%         1    #......

Your spell library contained the following spells:

 Spells                   Type           Power        Failure   Level  Hunger
 Stone Arrow              Conj/Erth      #.....       100%        3    ###....
 Passwall                 Tmut/Erth      ##......     97%         2    ##.....
 Lee's Rapid Deconstruct  Erth           ###.......   100%        5    ######.
 Petrify                  Tmut/Erth      ##......     100%        4    #####..


Dungeon Overview and Level Annotations

Branches:
Dungeon (4/15)
 Temple: D:4-7

Altars:
Sif Muna
Trog
Xom


Innate Abilities, Weirdness & Mutations

You cannot be hasted, slowed, berserked, paralysed or teleported.
You can dig through walls and to a lower floor.
Your four strong arms can wield two-handed weapons with a shield.
You have a pair of large antennae on your head. (SInv)


Message History

The worker ant bites you but does no damage.
Unknown command.
Casting: Sandblast (safe; 67% risk of failure)
Confirm with . or Enter, or press ? or * to list all spells.
Aiming: Sandblast (safe; 67% risk of failure)
Press: ? - help, Shift-Dir - straight line, f/p - worker ant
Aim: a worker ant (heavily wounded)
You miscast Sandblast.
Sand pours from your hands.
* * * LOW MAGIC WARNING * * *;
* * * LOW HITPOINT WARNING * * *
You feel sick. The worker ant barely misses you.
Unknown command.
Casting: Sandblast (safe; 67% risk of failure)
Confirm with . or Enter, or press ? or * to list all spells.
Aiming: Sandblast (safe; 67% risk of failure)
Press: ? - help, Shift-Dir - straight line, f/p - worker ant
Aim: a worker ant (heavily wounded)
You miscast Sandblast.
Nothing appears to happen.
* * * LOW MAGIC WARNING * * *
The worker ant bites you.
You die...

# # ##### # ##...## #
########.###.######## #
#.......#####.......#
#.####..##.......##.#
###.####...<.##..#.##>#
.......###.###..a#.##.#
...)##.# ##...#.@#.##.#
.##.##.# #####..#.##.#
....##.###### #.......#
....##......#
####.#####
....##......# #......#
......)..)).# #..###.#
....#.#....<# #...##.#
##..#.#.....# #.#.##.#
##........### #.#.##.#


You could see a worker ant.

Vanquished Creatures
  Blork the orc (D:4)
  4 gnolls
  3 worms
  2 dart slugs
  3 leopard geckos (D:3)
  8 orcs (D:3)
  A giant cockroach (D:3)
  5 goblins
  7 hobgoblins
  3 jackals (D:2)
  3 quokkas
  9 bats
  4 frilled lizards
  3 kobolds
  4 rats
60 creatures vanquished.

Notes
Turn   | Place    | Note
-------+----------+-------------------------------------------
     0 | D:1      | Htamos the Formicid Earth Elementalist began the quest for the Orb.
     0 | D:1      | Reached XP level 1. HP: 13/13 MP: 3/3
   412 | D:1      | Reached XP level 2. HP: 11/19 MP: 5/5
   694 | D:1      | Reached skill level 4 in Earth Magic
  1062 | D:2      | Reached XP level 3. HP: 8/25 MP: 3/6
  1148 | D:2      | Found a bloodstained altar of Trog.
  1171 | D:2      | Reached skill level 1 in Fighting
  1579 | D:2      | Found a deep blue altar of Sif Muna.
  1909 | D:2      | Became a worshipper of Sif Muna the Loreminder
  2442 | D:3      | Reached XP level 4. HP: 32/32 MP: 7/7
  2850 | D:3      | Reached XP level 5. HP: 38/38 MP: 9/9
  2861 | D:3      | Found a shimmering altar of Xom.
  3216 | D:3      | Reached * piety under Sif Muna
  3444 | D:4      | Noticed Blork the orc
  3465 | D:4      | Killed Blork the orc
  3465 | D:4      | Reached skill level 5 in Earth Magic
  3465 | D:4      | Reached XP level 6. HP: 27/47 MP: 1/10
  3585 | D:3      | HP: 1/47 [worker ant (4)]
  3588 | D:3      | Slain by a worker ant

Vault maps used:
D:1:      ncdulo_halloftheorcs, minmay_pentomino_s2
D:2:      overflow_temple_1_default, led_sif_pool
D:3:      tgw_xom
D:4:      kennysheep_ying_yang, kennysheep_mini, ebering_ghost_reflecting_pool,
          minmay_ruptured, uniq_duvessa, uniq_blork_the_orc

Skill      XL: |  1  2  3  4  5 |
---------------+----------------+-----
Earth Magic    | 4 5 |  5.2
Dodging        | 2 |  2.6
Fighting       | 1 2 3 |  3.0
Spellcasting   | 3 |  3.1
Stealth        | |  2.6
Transmutations | |  1.1

Action                   |  1- 3 |  4- 6 || total
-------------------------+-------+-------++-------
Melee: Hand axe          |   145 |    87 ||   232
       Unarmed           |    18 |       ||    18
       Flail             |       |    13 ||    13
 Cast: Sandblast         |     2 |    20 ||    22
  Use: Scroll            |     3 |     6 ||     9
       Potion            |       |     3 ||     3
  Eat: Chunk             |     5 |     4 ||     9
Armor: Robe              |    13 |       ||    13
       Leather armour    |    10 |       ||    10
       Ring mail         |    51 |    43 ||    94
       Chain mail        |       |    26 ||    26
Dodge: Dodged            |   135 |    82 ||   217

Table legend:
 A = Spawn XP
 B = Non-spawn XP
 C = Spawn XP percentage of total XP
 D = Spawn monster count
 E = Non-spawn monster count
 F = Spawn count percentage of total count
 G = Total turns spent on level
                    A         B        C        D         E        F      G
               +---------+---------+-------+---------+---------+-------+---------
         Total |       0 |     277 |   0.0 |       0 |      60 |   0.0 |  3588
               +---------+---------+-------+---------+---------+-------+---------
           D:1 |       0 |      20 |   0.0 |       0 |      14 |   0.0 |  1015
           D:2 |       0 |      75 |   0.0 |       0 |      16 |   0.0 |  1403
           D:3 |       0 |      82 |   0.0 |       0 |      29 |   0.0 |  1148
           D:4 |       0 |     100 |   0.0 |       0 |       1 |   0.0 |    22
               +---------+---------+-------+---------+---------+-------+---------
